AoeStats
← TheQuietRiot

Arabia

508671295Analyzed
1v1 RM · 8d ago on Sep 23, 2026· 46m 20s· 2 players
Game mode
Random Map
Map size
Tiny (2 player)
Population
200
Speed
Normal
Resources
Standard
Victory
Conquest
Starting age
Dark Age
Ending age
Imperial Age
RankedLock teamsTeams togetherTeam positionsShared explorationLock speedFull tech treeHidden civsTurbo modeCheats
Victory
Defeat
🇬🇧 Saxons · United Kingdom
955
+16
🇺🇸 Romans · United States
962
-16
TheQuietRiot
9:59 Feudal Age
8:18 Loom
11:22 Double-Bit Axe
14:30 Horse Collar
17:12 Castle Age
19:27 Bow Saw
20:28 Wheelbarrow
21:12 Heavy Plow
23:53 Forging
26:03 Scale Mail Armor
30:34 Iron Casting
30:15 Chain Mail Armor
29:53 Fletching
31:04 Heavy Plow
31:24 Hand Cart
31:01 Town Watch
32:38 Squires
34:11 Gold Mining
34:14 Stone Mining
37:22 Imperial Age
34:56 Town Patrol
36:04 Bodkin Arrow
36:15 Scale Barding Armor
36:28 Masonry
36:40 Ballistics
38:15 Gold Shaft Mining
38:29 Conscription
37:30 Shield Wall
37:37 Onager
38:30 Elite Hearth Troop
39:01 Gambesons
42:12 Bracer
42:45 Plate Mail Armor
42:16 Bracer
44:02 Siege Engineers
45:00 Chemistry
SprayinNPrayin
10:41 Feudal Age
8:56 Loom
14:40 Castle Age
14:18 Double-Bit Axe
21:33 Horse Collar
22:31 Heavy Plow
24:34 Bow Saw
24:46 Fletching
27:18 Scale Mail Armor
27:28 Forging
30:30 Wheelbarrow
29:42 Town Watch
30:24 Pikeman
34:00 Imperial Age
34:09 Imperial Age
32:03 Squires
32:24 Chain Mail Armor
32:45 Iron Casting
32:06 Bodkin Arrow
32:58 Ballistics
34:42 Masonry
34:15 Heavy Scorpion
35:57 Chemistry
35:03 Siege Engineers
35:06 Ballistas
34:33 Halberdier
35:34 Siege Engineers
35:57 Conscription
35:26 Halberdier
36:13 Man-at-Arms
37:43 Long Swordsman
38:53 Legionary
Connection lost

Rejoining the realm…

Still unreachable

The connection could not be restored.

Session expired

The server has moved on; the page needs a fresh start.